 Dungeon Crawl Stone Soup version 0.28.0-1-gb440e238dd (webtiles) character file.

Game seed: 14518072513145817903

424 Woods the Stinger (level 6, -14/44 HPs)
             Began as a Gnoll Venom Mage on Feb 26, 2022.
             Killed by divine providence
             ... invoked by an orc priest
              (17 damage)
             ... on level 4 of the Dungeon.
             The game lasted 00:08:08 (6346 turns).

Woods the Stinger (Gnoll Venom Mage)                Turns: 6346, Time: 00:08:08

Health: -14/44     AC:  5    Str:  8    XL:     6   Next: 96%
Magic:  5/14       EV: 13    Int: 16    God:
Gold:   143        SH:  0    Dex: 12    Spells: 3/15 levels left

rFire   . . .      SeeInvis .     - Unarmed
rCold   . . .      Faith    .   (no shield)
rNeg    . . .      Spirit   .   a - +0 robe
rPois   .          Reflect  .   (no helmet)
rElec   .          Harm     .   (no cloak)
rCorr   .          Rampage  .   t - +2 pair of gloves
Will    .....                   (no boots)
Stlth   +++.......              (no amulet)
HPRegen 0.14/turn               (no ring)
MPRegen 0.14/turn               (no ring)

@: very slightly contaminated
A: fangs 1, strong nose, distributed training
a: no special abilities


You were on level 4 of the Dungeon.
You visited 1 branch of the dungeon, and saw 4 of its levels.

You collected 143 gold pieces.

Inventory:

Armour
 a - a +0 robe (worn)
 t - a +2 pair of gloves (worn)
Jewellery
 n - a ring of resist corrosion
Wands
 j - a wand of paralysis (16)
 r - a wand of charming (9)
Scrolls
 c - a scroll of teleportation {unknown}
 d - a scroll of enchant armour {unknown}
 e - 3 scrolls of identify {unknown}
 f - a scroll of enchant weapon {unknown}
 h - a scroll of acquirement {unknown}
 i - a scroll of brand weapon {unknown}
 m - a scroll of amnesia {unknown}
 o - a scroll of fear {unknown}
 p - a scroll of noise {unknown}
 s - a scroll of fog {unknown}
Potions
 b - 4 potions of degeneration {unknown}
 g - a potion of berserk rage {unknown}
 k - 3 potions of curing
 l - a potion of haste {unknown}
 q - a potion of heal wounds {unknown}


   Skills:
 + Level 2.2 Fighting
 + Level 2.2 Short Blades
 + Level 2.2 Long Blades
 + Level 2.2 Axes
 + Level 2.2 Maces & Flails
 + Level 2.2 Polearms
 + Level 2.2 Staves
 + Level 2.2 Slings
 + Level 2.2 Bows
 + Level 2.2 Crossbows
 + Level 2.2 Throwing
 + Level 2.2 Armour
 + Level 5.1 Dodging
 + Level 4.7 Stealth
 + Level 2.2 Shields
 + Level 2.2 Unarmed Combat
 + Level 5.4 Spellcasting
 + Level 1.7 Conjurations
 + Level 1.7 Hexes
 + Level 1.7 Summonings
 + Level 1.7 Necromancy
 + Level 1.7 Translocations
 + Level 2.8 Transmutations
 + Level 1.7 Fire Magic
 + Level 1.7 Ice Magic
 + Level 1.7 Air Magic
 + Level 1.7 Earth Magic
 + Level 5.7 Poison Magic
 + Level 2.4 Invocations
 + Level 2.2 Evocations


You had 3 spell levels left.
You knew the following spells:

 Your Spells              Type           Power      Damage    Failure   Level
a - Sting                 Tmut/Pois      72%        1d6       2%          1
b - Poisonous Vapours     Pois/Air       32%        N/A       4%          2
c - Mephitic Cloud        Conj/Pois/Air  14%        N/A       12%         3
d - Blink                 Tloc           20%        N/A       11%         2
e - Olgreb's Toxic Radia  Pois           22%        N/A       14%         4

Your spell library contained the following spells:

 Spells                   Type           Power      Damage    Failure   Level
 Sublimation of Blood     Necr           10%        N/A       11%         2
 Petrify                  Tmut/Erth      11%        N/A       50%         4
 Irradiate                Conj/Tmut      5%         3d15      85%         5
 Manifold Assault         Tloc           10%        N/A       89%         5
 Storm Form               Tmut/Air       5%         N/A       100%        7


Dungeon Overview and Level Annotations

Branches:
Dungeon (4/15)
 Temple: D:4-7

Altars:


Innate Abilities, Weirdness & Mutations

You have very sharp teeth.
Your uncanny sense of smell can sniff out nearby items.
Your experience applies equally to all skills.


Message History

You begin to radiate toxic energy.
The orc shouts!
The orc is poisoned.
The orc wizard shouts!
The orc wizard is poisoned.
The orc priest shouts!
The orc priest is poisoned.
The orc looks even sicker.
The orc wizard looks even sicker.
The orc priest looks even sicker.
You kill the orc! x2
The orc priest invokes the aid of Beogh against you.
Beogh smites you!
You hear a shout!
The orc priest looks even sicker.
Your toxic aura wanes.
An orc priest comes into view. It is wielding a +0 dagger.
Casting: Olgreb's Toxic Radiance (quite dangerous; 14% risk of failure)
Confirm with . or Enter, or press ? or * to list all spells.
Aiming: Poisonous Vapours (safe; 4% risk of failure)
Press: ? - help, Dir - move target, f - orc priest
Aim: an orc priest, wielding a +0 club (heavily wounded, very poisoned)
You miscast Poisonous Vapours.
You are very lightly contaminated with residual magic.
Nothing appears to happen.
The orc priest calls down the wrath of Beogh upon you.
Beogh smites you!
Casting: Poisonous Vapours (safe; 4% risk of failure)
Confirm with . or Enter, or press ? or * to list all spells.
Aiming: Poisonous Vapours (safe; 4% risk of failure)
Press: ? - help, Dir - move target, f/p - orc priest
Aim: an orc priest, wielding a +0 club (heavily wounded, very poisoned) Poisonous vapours surround the orc priest!
The orc priest looks as sick as possible!
Unknown command.
A ball python comes into view.
The orc priest invokes the aid of Beogh against you.
Beogh smites you!
* * * LOW HITPOINT WARNING * * *
The orc priest invokes the aid of Beogh against you.
Beogh smites you!
You die...

#.##÷###<###.#.###
..##.###.# .#.#####
# #........# .#
#...#.# . ####.#####
.# #.#.#.#∆.. ......
∆ #.#.#.#... ####.#
#.#..... #..
####+#.#... ####..
#......#.#######
......
#.....@.oo.o.S..
####..
#...).##.#######
#.#+####.....##.# #
#.#..........##.# #
#.#..###.....##.#
####.#..#......###.#
........#.####.# #.#
.###.##.#.# .......
..........# .....#


You could see 2 orc priests, an orc wizard (poisoned) and a ball python
(wandering).

Vanquished Creatures
  2 ogres
  Crazy Yiuf (D:3)
  Ijyb (D:3)
  Natasha (thrice) (D:2)
  A hound skeleton (D:2)
  4 adders
  3 orcs
  3 bats
  6 endoplasms
  2 giant cockroaches
  8 hobgoblins
  7 jackals
  3 quokkas
  7 ball pythons
  2 frilled lizards (D:1)
  11 goblins
  4 kobolds
  11 rats
79 creatures vanquished.

Notes
Turn   | Place    | Note
-------+----------+-------------------------------------------
     0 | D:1      | Woods the Gnoll Venom Mage began the quest for the Orb.
     0 | D:1      | Reached XP level 1. HP: 13/13 MP: 6/6
   417 | D:1      | Reached XP level 2. HP: 19/19 MP: 3/7
   513 | D:1      | Learned a level 2 spell: Poisonous Vapours
   610 | D:1      | Found a faded altar of an unknown god.
  1100 | D:1      | HP: 1/20 [hobgoblin (5)]
  1105 | D:1      | Reached XP level 3. HP: 1/25 MP: 0/9
  1281 | D:1      | Reached skill level 5 in Spellcasting
  2120 | D:2      | Noticed Natasha
  2138 | D:2      | Reached skill level 1 in Invocations
  2167 | D:2      | Learned a level 3 spell: Mephitic Cloud
  2654 | D:2      | Reached skill level 1 in Fighting
  2654 | D:2      | Reached skill level 1 in Short Blades
  2654 | D:2      | Reached skill level 1 in Long Blades
  2654 | D:2      | Reached skill level 1 in Axes
  2654 | D:2      | Reached skill level 1 in Maces & Flails
  2654 | D:2      | Reached skill level 1 in Polearms
  2654 | D:2      | Reached skill level 1 in Staves
  2654 | D:2      | Reached skill level 1 in Slings
  2654 | D:2      | Reached skill level 1 in Bows
  2654 | D:2      | Reached skill level 1 in Crossbows
  2654 | D:2      | Reached skill level 1 in Throwing
  2654 | D:2      | Reached skill level 1 in Armour
  2654 | D:2      | Reached skill level 1 in Shields
  2654 | D:2      | Reached skill level 1 in Unarmed Combat
  2654 | D:2      | Reached skill level 1 in Evocations
  2654 | D:2      | Reached XP level 4. HP: 25/32 MP: 11/11
  3085 | D:2      | Killed Natasha
  3086 | D:2      | Reached skill level 1 in Conjurations
  3086 | D:2      | Reached skill level 1 in Hexes
  3086 | D:2      | Reached skill level 1 in Summonings
  3086 | D:2      | Reached skill level 1 in Necromancy
  3086 | D:2      | Reached skill level 1 in Translocations
  3086 | D:2      | Reached skill level 1 in Fire Magic
  3086 | D:2      | Reached skill level 1 in Ice Magic
  3086 | D:2      | Reached skill level 1 in Air Magic
  3086 | D:2      | Reached skill level 1 in Earth Magic
  3598 | D:2      | Noticed Natasha
  3608 | D:2      | Killed Natasha
  3608 | D:2      | Noticed an ogre
  3609 | D:2      | Reached XP level 5. HP: 37/37 MP: 1/12
  3945 | D:2      | Noticed Natasha
  4004 | D:2      | Killed an ogre
  4319 | D:2      | Killed Natasha
  4320 | D:2      | Reached XP level 6. HP: 44/44 MP: 1/13
  5015 | D:2      | Learned a level 2 spell: Blink
  5020 | D:2      | Learned a level 4 spell: Olgreb's Toxic Radiance
  5593 | D:3      | Noticed Ijyb
  5612 | D:3      | Killed Ijyb
  5613 | D:3      | Reached skill level 5 in Dodging
  5734 | D:3      | Found a runed translucent door.
  5735 | D:3      | Noticed Crazy Yiuf
  5758 | D:3      | Killed Crazy Yiuf
  6346 | D:4      | Killed from afar by an orc priest

Illustrated notes

Levels and vault maps discovered:
D:1:      eino_arrival_cavern_b, layout_basic, chequers_ecumenical_altar_island,
          hangedman_abyss_or_decor_lesser_grid, dk_noncrumbling_4
D:2:      layout_basic, uniq_natasha
D:3:      kennysheep_the_goblin_king, layout_basic, minmay_misc_feat_nine_boxes,
          uniq_crazy_yiuf_cottage
D:4:      layout_basic, minmay_temple_entry_sparse_star

Skill      XL: |  1  2  3  4  5  6 |
---------------+-------------------+-----
Transmutations | 2 |  2.8
Spellcasting   | 5 |  5.4
Invocations    | 1 2 |  2.4
Fighting       | 1 2 |  2.2
Short Blades   | 1 2 |  2.2
Long Blades    | 1 2 |  2.2
Axes           | 1 2 |  2.2
Maces & Flails | 1 2 |  2.2
Polearms       | 1 2 |  2.2
Staves         | 1 2 |  2.2
Slings         | 1 2 |  2.2
Bows           | 1 2 |  2.2
Crossbows      | 1 2 |  2.2
Throwing       | 1 2 |  2.2
Armour         | 1 2 |  2.2
Shields        | 1 2 |  2.2
Unarmed Combat | 1 2 |  2.2
Evocations     | 1 2 |  2.2
Conjurations   | 1 |  1.7
Hexes          | 1 |  1.7
Summonings     | 1 |  1.7
Necromancy     | 1 |  1.7
Translocations | 1 |  1.7
Fire Magic     | 1 |  1.7
Ice Magic      | 1 |  1.7
Air Magic      | 1 |  1.7
Earth Magic    | 1 |  1.7
Dodging        | 5 |  5.1
Stealth        | |  4.7
Poison Magic   | |  5.7

Action                   |  1- 3 |  4- 6 || total
-------------------------+-------+-------++-------
Melee: Unarmed           |    32 |    30 ||    62
       Bite              |     5 |     5 ||    10
       Punch             |       |     1 ||     1
 Cast: Sting             |    51 |    31 ||    82
       Poisonous Vapours |    10 |    49 ||    59
       Mephitic Cloud    |     1 |     9 ||    10
       Olgreb's Toxic Ra |       |     4 ||     4
 Stab: Confused          |     1 |     2 ||     3
Armor: Robe              |     2 |     3 ||     5
Dodge: Dodged            |    28 |    30 ||    58
